 Dungeon Crawl Stone Soup version 0.20.1-1-g8b1a95d (webtiles) character file.

7113 homeworkjunkie the Cleaver (level 11, -21/93 HPs)
             Began as a Hill Orc Fighter on Dec 12, 2017.
             Was an Elder of Okawaru.
             Demolished by a white very ugly thing (52 damage)
             ... on level 9 of the Dungeon.
             The game lasted 00:16:24 (8857 turns).

homeworkjunkie the Cleaver (Hill Orc Fighter)       Turns: 8857, Time: 00:16:25

Health: -21/93     AC: 16    Str: 22    XL:     11   Next: 10%
Magic:  24/24      EV:  5    Int:  6    God:    Okawaru [****..]
Gold:   3914       SH: 11    Dex: 11    Spells: 10/10 levels left

rFire    + . .     SeeInvis .   a - +4 war axe (flame)
rCold    . . .     Gourm    .   c - +0 shield
rNeg     . . .     Faith    .   k - +0 plate armour
rPois    .         Spirit   .   D - +2 helmet
rElec    +         Reflect  .   (no cloak)
rCorr    .         Harm     +   h - +1 pair of gloves
MR       .....                  f - +0 pair of boots
Stlth    ..........             t - amulet of harm
Regen    0.3/turn               F - ring of protection from fire
MPRegen  0.2/turn               m - ring of magical power

@: no status effects
A: deformed body, dopey 1, electricity resistance
a: Heroism, Renounce Religion


You were on level 9 of the Dungeon.
You worshipped Okawaru.
Okawaru was greatly pleased with you.
You were full.

You visited 2 branches of the dungeon, and saw 12 of its levels.
You also visited: Ossuary.

You collected 3914 gold pieces.

Inventory:

Hand Weapons
 a - a +4 war axe of flaming (weapon)
Armour
 c - a +0 shield (worn)
 f - a +0 pair of boots (worn)
 h - a +1 pair of gloves (worn)
 k - a +0 plate armour (worn)
 D - a +2 helmet (worn)
Jewellery
 m - a ring of magical power (right hand)
 t - an amulet of harm (around neck)
 F - a ring of protection from fire (left hand)
Wands
 l - a wand of iceblast (15/15)
 w - a wand of lightning (7/15)
 C - a wand of digging (12/24)
 E - a wand of confusion (18/48)
Scrolls
 j - a scroll of enchant armour
 n - 2 scrolls of teleportation
 o - a scroll of fear
 s - 5 scrolls of remove curse
 u - 2 scrolls of identify
 y - 4 scrolls of magic mapping
 z - a scroll of blinking
Potions
 d - 4 potions of might
 e - 2 potions of curing
 g - 3 potions of agility
 p - 2 potions of resistance
 q - a potion of brilliance
 v - a potion of haste
 x - a potion of heal wounds
Comestibles
 b - 7 meat rations
 i - a bread ration
 r - 9 fruits
 B - 4 royal jellies


   Skills:
 * Level 7.7 Fighting
 * Level 13.7 Axes
 * Level 8.6 Armour
 + Level 0.1 Dodging
 + Level 0.5 Stealth
 * Level 8.2 Shields
 * Level 5.5 Evocations


You had 10 spell levels left.
You didn't know any spells.

Dungeon Overview and Level Annotations

Branches:
Dungeon (11/15)            Temple (1/1) D:7            Lair (0/6) D:10
    Orc: D:9-12

Altars:
Ashenzari
Cheibriados
Dithmenos
Elyvilon
Fedhas
Gozag
Hepliaklqana
Kikubaaqudgha
Makhleb
Nemelex Xobeh
Okawaru
Qazlal
Ru
Sif Muna
Trog
Uskayaw
Vehumet
Xom
Yredelemnul
Zin
The Shining One

Shops:
D:6 :


Innate Abilities, Weirdness & Mutations

Armour fits poorly on your strangely shaped body.
You are dopey. (Int -2)
You are resistant to electric shocks. (rElec)


Message History

You are too injured to fight recklessly!
You are too injured to fight recklessly!
You are too injured to fight recklessly!
You are too injured to fight recklessly!
You are too injured to fight recklessly!
You are too injured to fight recklessly!
The yaktaur captain shoots a bolt.
The bolt hits the stone giant!
You flicker for a moment.
You start resting.
You flicker back into view.
You start resting.
Your magical contamination has completely faded away.
You start resting.
The white very ugly thing gurgles horribly!
Your plate armour prevents you from hitting the white very ugly thing.
The white very ugly thing is heavily wounded.
The white very ugly thing trunk-slaps you.
The white very ugly thing freezes you!!!
Ouch! That really hurt!
You die...

#<.....#+#+####..........
########......#..........
..........[......... ###
#..............>..
##)T######.................
#:cg##...#.................
#=CC#.##.#)....##.....(....
####u###.#.#...##..........
##.###.##@#...##..........
#.###...#u+...............
#. #..#.c.#...#########+#.
#...#...##......... #.....
##########.)......# ######
#).......# #........#
#........# #........#


You could see a white very ugly thing and a yaktaur captain.

Vanquished Creatures
  A hydra (D:8)
  An unseen horror (D:8)
  Joseph (D:7)
  A hornet (D:7)
  2 trolls (D:10)
  2 dream sheep (D:8)
  A wraith (Ossuary)
  2 yaks (D:8)
  A hungry ghost (D:8)
  Menkaure (D:4)
  2 orc warriors
  2 ice beasts
  3 sky beasts
  A black bear (D:8)
  4 ogres
  A crocodile (D:9)
  5 wolves (D:10)
  2 centaurs
  2 bullfrogs
  Blork the orc (D:6)
  4 big kobolds
  2 scorpions
  4 electric eels (D:10)
  A howler monkey (D:8)
  2 centaur zombies
  3 crimson imps
  5 hounds
  A centaur skeleton (D:9)
  3 orc priests
  2 orc wizards
  2 bullfrog skeletons
  3 iguanas
  Natasha (thrice) (D:4)
  3 worker ants (D:6)
  A hound zombie (D:5)
  3 mummies (Ossuary)
  A howler monkey zombie (D:6)
  A worker ant zombie (D:6)
  7 gnolls
  6 adders
  A shadow imp (D:7)
  An ooze (D:2)
  2 adder skeletons
  2 adder zombies
  5 worms
  3 dart slugs
  6 leopard geckos
  27 orcs
  9 bats
  6 giant cockroaches
  A gnoll zombie (Ossuary)
  13 goblins
  11 hobgoblins
  14 jackals
  3 quokkas
  5 ball pythons
  5 frilled lizards
  3 goblin zombies (Ossuary)
  2 hobgoblin zombies (Ossuary)
  7 kobolds
  2 kobold zombies (Ossuary)
  A leopard gecko skeleton (D:4)
  5 rats
  A plant (D:8)
228 creatures vanquished.

Vanquished Creatures (others)
  An ogre mage (D:9)
1 creature vanquished.

Grand Total: 229 creatures vanquished

Notes
Turn   | Place    | Note
-------+----------+-------------------------------------------
     0 | D:1      | homeworkjunkie the Hill Orc Fighter began the quest for the Orb.
     0 | D:1      | Reached XP level 1. HP: 19/19 MP: 1/1
   128 | D:2      | Reached skill level 3 in Axes
   128 | D:2      | Reached XP level 2. HP: 24/27 MP: 2/2
   258 | D:2      | Found a shadowy altar of Dithmenos.
   271 | D:2      | Found a faded altar of an unknown god.
   283 | D:3      | Reached XP level 3. HP: 33/33 MP: 3/3
   545 | D:3      | Found a hide-covered altar of Uskayaw.
   549 | D:3      | Reached XP level 4. HP: 27/40 MP: 4/4
   677 | D:3      | Found a white marble altar of Elyvilon.
   938 | D:3      | Reached skill level 4 in Axes
  1312 | D:4      | Reached XP level 5. HP: 45/46 MP: 5/5
  2151 | D:1      | Reached skill level 5 in Axes
  2567 | D:5      | Entered Level 5 of the Dungeon
  2664 | D:5      | Found a sand-covered staircase.
  2668 | Ossuary  | Entered an ossuary
  2668 | Ossuary  | Noticed a wraith
  2668 | Ossuary  | Noticed a wraith
  2668 | Ossuary  | Noticed a wraith
  2940 | Ossuary  | Noticed a wraith
  2958 | Ossuary  | Killed a wraith
  2958 | Ossuary  | Reached skill level 6 in Axes
  2958 | Ossuary  | Reached skill level 1 in Evocations
  2958 | Ossuary  | Reached XP level 6. HP: 21/53 MP: 6/6
  3085 | D:5      | Identified a scroll of acquirement
  3087 | D:5      | Gained mutation: You are dopey. (Int -2) [potion of mutation]
  3087 | D:5      | Gained mutation: Armour fits poorly on your strangely shaped body. [potion of mutation]
  3087 | D:5      | Gained mutation: You are resistant to electric shocks. (rElec) [potion of mutation]
  3115 | D:5      | Found a shattered altar of Ashenzari.
  3226 | D:4      | Noticed Menkaure
  3234 | D:4      | Killed Menkaure
  3234 | D:4      | Reached skill level 7 in Axes
  3234 | D:4      | Reached XP level 7. HP: 35/60 MP: 8/8
  3496 | D:4      | Noticed Natasha
  3498 | D:4      | Killed Natasha
  3505 | D:4      | Found a shimmering altar of Xom.
  3505 | D:4      | Found a snail-covered altar of Cheibriados.
  3506 | D:4      | Found a hazy altar of Hepliaklqana.
  3508 | D:4      | Noticed Natasha
  3510 | D:4      | Killed Natasha
  3565 | D:4      | Noticed Natasha
  3575 | D:4      | Killed Natasha
  3835 | D:4      | Found a radiant altar of Vehumet.
  3836 | D:4      | Found a burning altar of Makhleb.
  3843 | D:4      | Reached skill level 5 in Shields
  3981 | D:5      | Reached skill level 5 in Fighting
  4080 | D:5      | Found a glowing silver altar of Zin.
  4169 | D:5      | Reached skill level 8 in Axes
  4178 | D:5      | Reached XP level 8. HP: 24/68 MP: 9/9
  4643 | D:6      | Reached skill level 5 in Armour
  4655 | D:6      | Noticed Blork the orc
  4666 | D:6      | Killed Blork the orc
  4847 | D:5      | Found a basalt altar of Yredelemnul.
  5136 | D:6      | Reached skill level 9 in Axes
  5639 | D:6      | Found Raopity's Book Shoppe.
  5672 | D:6      | Reached XP level 9. HP: 64/75 MP: 11/11
  6171 | D:7      | Noticed Joseph
  6178 | D:7      | Killed Joseph
  6178 | D:7      | Reached skill level 10 in Axes
  6350 | D:7      | Found a staircase to the Ecumenical Temple.
  6474 | D:7      | Noticed a hornet
  6482 | D:7      | Killed a hornet
  6508 | D:7      | Found a blossoming altar of Fedhas.
  6512 | D:7      | Found a stormy altar of Qazlal.
  6582 | Temple   | Entered the Ecumenical Temple
  6758 | Temple   | Became a worshipper of Warmaster Okawaru
  7168 | D:8      | Reached skill level 11 in Axes
  7348 | D:8      | Reached * piety under Okawaru
  7357 | D:8      | Noticed a two-headed hydra
  7382 | D:8      | Killed a two-headed hydra
  7382 | D:8      | Reached ** piety under Okawaru
  7382 | D:8      | Reached skill level 12 in Axes
  7382 | D:8      | Reached XP level 10. HP: 53/84 MP: 13/13
  7675 | D:8      | Killed an unseen horror
  7675 | D:8      | Reached *** piety under Okawaru
  7885 | D:8      | Reached skill level 5 in Evocations
  8047 | D:10     | Entered Level 10 of the Dungeon
  8076 | D:10     | Reached skill level 13 in Axes
  8094 | D:10     | Reached **** piety under Okawaru
  8382 | D:10     | Reached XP level 11. HP: 70/92 MP: 15/15
  8384 | D:10     | Found a staircase to the Lair.
  8789 | D:9      | Found a runed door.
  8789 | D:9      | Noticed a yaktaur captain
  8790 | D:9      | Noticed a red very ugly thing
  8791 | D:9      | Noticed a frost giant
  8791 | D:9      | Noticed an ogre mage
  8791 | D:9      | Noticed a stone giant
  8799 | D:9      | Killed an ogre mage
  8805 | D:9      | Noticed a harpy
  8805 | D:9      | a human changed into a harpy
  8857 | D:9      | Demolished by a white very ugly thing

Skill      XL: |  1  2  3  4  5  6  7  8  9 10 11 |
---------------+----------------------------------+-----
Axes           | 3 4 6 7 8 9 12 13 | 13.7
Fighting       | 4 5 6 7 |  7.7
Shields        | 4 5 6 7 8 |  8.2
Armour         | 4 6 7 8 |  8.6
Evocations     | 1 2 3 4 5 |  5.5
Dodging        | |  0.1
Stealth        | |  0.5

Action                   |  1- 3 |  4- 6 |  7- 9 | 10-12 || total
-------------------------+-------+-------+-------+-------++-------
Melee: War axe           |   123 |   227 |   215 |   124 ||   689
Evoke: Wand              |       |       |     3 |     1 ||     4
  Use: Potion            |     4 |     6 |     3 |     1 ||    14
       Scroll            |     1 |    15 |     5 |     5 ||    26
 Stab: Invisible         |     1 |       |       |     2 ||     3
  Eat: Bread ration      |       |     2 |     4 |       ||     6
       Royal jelly       |       |     2 |       |       ||     2
       Chunk             |       |       |     1 |       ||     1
       Fruit             |       |       |       |     3 ||     3
Armor: Chain mail        |    84 |    21 |       |       ||   105
       Plate armour      |       |    94 |    98 |    72 ||   264
Dodge: Dodged            |    30 |    27 |    35 |    22 ||   114
Block: Shield            |    64 |   103 |    95 |    64 ||   326
